3L
HARTFORD WHALERS @ OAKLAND OAKS
08/06/2020
 
TOP OF THE 1ST
Hartford Whalers batting - Pitching for Oakland Oaks : RHP Rich Wright
Pitching: RHP Rich Wright
Batting: LHB Gerald Holloway 0-0: Ball
1-0: Swinging Strike
1-1: Ball
2-1: Swinging Strike
2-2: Strikes out looking
Batting: LHB José Marín 0-0: Called Strike
0-1: Ball
1-1: Ground out 4-3 (Groundball, 4)
Batting: LHB César Durán 0-0: Called Strike
0-1: Swinging Strike
0-2: Ball
1-2: Foul Ball, location: 2F
1-2: Strikes out swinging
Top of the 1st over - 0 run(s), 0 hit(s), 0 error(s), 0 left on base; Hartford 0 - Oakland 0
BOTTOM OF THE 1ST
Oakland Oaks batting - Pitching for Hartford Whalers : RHP Collin Hill
Pitching: RHP Collin Hill
Batting: LHB Johnny Hernández 0-0: Swinging Strike
0-1: Ball
1-1: Swinging Strike
1-2: Foul Ball, location: 2F
1-2: Ball
2-2: Ball
3-2: SINGLE (Line Drive, 89M)
Batting: SHB John Allen 0-0: Ball
1-0: Ball
2-0: Called Strike
2-1: Ball
Johnny Hernández steals 2nd base
3-1: Ground out 3-6 (Groundball, 3)
Johnny Hernández to third
Batting: LHB Edwin Church 0-0: Foul Ball, location: 2F
0-1: Ball
1-1: Foul Ball, location: 2F
1-2: Ground out 4-3 (Groundball, 4M)
Johnny Hernández scores
Batting: RHB Shi-young Chang 0-0: Ball
1-0: Called Strike
1-1: Ball
2-1: Called Strike
2-2: Strikes out looking
Bottom of the 1st over - 1 run(s), 1 hit(s), 0 error(s), 0 left on base; Hartford 0 - Oakland 1
TOP OF THE 2ND
Hartford Whalers batting - Pitching for Oakland Oaks : RHP Rich Wright
Batting: RHB Nate Cates 0-0: Ball
1-0: Called Strike
1-1: Foul Ball, location: 2F
1-2: Strikes out swinging
Batting: RHB Russell Jackson 0-0: Called Strike
0-1: SINGLE (Line Drive, 78S)
Batting: RHB Mike Brown 0-0: Called Strike
0-1: Ball
1-1: Foul Ball, location: 2F
1-2: Foul Ball, location: 2F
1-2: Ball
2-2: Ball
3-2: Foul Ball, location: 2F
3-2: SINGLE (Flyball, 8LS)
Russell Jackson to second
Batting: RHB Michael Collins 0-0: Called Strike
0-1: Foul Ball, location: 2F
0-2: Grounds into double play, 4-6-3 (Groundball, 4)
Top of the 2nd over - 0 run(s), 2 hit(s), 0 error(s), 1 left on base; Hartford 0 - Oakland 1
BOTTOM OF THE 2ND
Oakland Oaks batting - Pitching for Hartford Whalers : RHP Collin Hill
Batting: RHB Dave Henderson 0-0: Ground out 5-3 (Groundball, 56)
Batting: RHB Alden Wiley 0-0: Ball
1-0: Ball
2-0: Ground out 6-3 (Groundball, 6M)
Batting: RHB Steve McLeod 0-0: Ball
1-0: Ball
2-0: Ground out 5-3 (Groundball, 56)
Bottom of the 2nd over - 0 run(s), 0 hit(s), 0 error(s), 0 left on base; Hartford 0 - Oakland 1
TOP OF THE 3RD
Hartford Whalers batting - Pitching for Oakland Oaks : RHP Rich Wright
Batting: RHB Akahele Kimokeo 0-0: Foul Ball, location: 2F
0-1: Swinging Strike
0-2: Ball
1-2: Strikes out looking
Batting: RHB Collin Hill 0-0: Swinging Strike
0-1: DOUBLE (Line Drive, 7LM)
Batting: LHB Gerald Holloway 0-0: Ball
1-0: Foul Ball, location: 2F
1-1: SINGLE (Flyball, 89S)
Collin Hill to third
Runner from 3rd tries for Home, SAFE, throw made home
Gerald Holloway to second
Batting: LHB José Marín 0-0: Ball
1-0: Ball
2-0: Foul Ball, location: 2F
2-1: Ball
3-1: Base on Balls
Batting: LHB César Durán 0-0: Ball
1-0: Foul Ball, location: 2F
1-1: Foul Ball, location: 2F
1-2: Ball
2-2: Strikes out swinging
Batting: RHB Nate Cates 0-0: DOUBLE (Flyball, 78D)
Gerald Holloway scores
José Marín to third
Runner from 3rd tries for Home, SAFE, no throw or cutoff
Batting: RHB Russell Jackson 0-0: Ground out 4-3 (Groundball, 4)
Top of the 3rd over - 3 run(s), 3 hit(s), 0 error(s), 1 left on base; Hartford 3 - Oakland 1
BOTTOM OF THE 3RD
Oakland Oaks batting - Pitching for Hartford Whalers : RHP Collin Hill
Batting: RHB Chae-hyeong Kim 0-0: Ball
1-0: Swinging Strike
1-1: Foul Ball, location: 2F
1-2: Foul Ball, location: 2F
1-2: Reached on error, E5 (Groundball, 56S)
Batting: LHB Rich Wright 0-0: Sac Bunt - play at first, batter OUT! 1-4
Chae-hyeong Kim to second
Batting: LHB Johnny Hernández 0-0: Ball
1-0: Called Strike
1-1: Ball
2-1: Swinging Strike
2-2: Foul Ball, location: 2F
2-2: Ball
3-2: Foul Ball, location: 2F
3-2: Ground out 4-3 (Groundball, 4)
Chae-hyeong Kim to third
Batting: SHB John Allen 0-0: Fly out, F5 (Popup, 5F)
Bottom of the 3rd over - 0 run(s), 0 hit(s), 1 error(s), 1 left on base; Hartford 3 - Oakland 1
TOP OF THE 4TH
Hartford Whalers batting - Pitching for Oakland Oaks : RHP Rich Wright
Batting: RHB Mike Brown 0-0: Ball
1-0: Foul Ball, location: 2F
1-1: Called Strike
1-2: Ball
2-2: Strikes out swinging
Batting: RHB Michael Collins 0-0: Foul Ball, location: 2F
0-1: Fly out, F9 (Flyball, 9LM)
Batting: RHB Akahele Kimokeo 0-0: Ball
1-0: Ball
2-0: Called Strike
2-1: Swinging Strike
2-2: Fly out, F8 (Flyball, 8RM)
Top of the 4th over - 0 run(s), 0 hit(s), 0 error(s), 0 left on base; Hartford 3 - Oakland 1
BOTTOM OF THE 4TH
Oakland Oaks batting - Pitching for Hartford Whalers : RHP Collin Hill
Batting: LHB Edwin Church 0-0: Ball
1-0: Foul Ball, location: 2F
1-1: Ground out 4-3 (Groundball, 4)
Batting: RHB Shi-young Chang 0-0: Ball
1-0: Called Strike
1-1: Ball
2-1: Foul Ball, location: 2F
2-2: Fly out, F3 (Popup, 3SF)
Batting: RHB Dave Henderson 0-0: Ball
1-0: Ground out 5-3 (Groundball, 5)
Bottom of the 4th over - 0 run(s), 0 hit(s), 0 error(s), 0 left on base; Hartford 3 - Oakland 1
TOP OF THE 5TH
Hartford Whalers batting - Pitching for Oakland Oaks : RHP Rich Wright
Batting: RHB Collin Hill 0-0: Ball
1-0: Fly out, F8 (Line Drive, 8LM)
Batting: LHB Gerald Holloway 0-0: Foul Ball, location: 2F
0-1: Swinging Strike
0-2: Strikes out looking
Batting: LHB José Marín 0-0: Ball
1-0: Called Strike
1-1: Called Strike
1-2: Foul Ball, location: 2F
1-2: Strikes out looking
Top of the 5th over - 0 run(s), 0 hit(s), 0 error(s), 0 left on base; Hartford 3 - Oakland 1
BOTTOM OF THE 5TH
Oakland Oaks batting - Pitching for Hartford Whalers : RHP Collin Hill
Batting: RHB Alden Wiley 0-0: Ground out 6-3 (Groundball, 6)
Batting: RHB Steve McLeod 0-0: Ball
1-0: Ball
2-0: Ball
3-0: Called Strike
3-1: Fly out, F5 (Popup, 5F)
Batting: RHB Chae-hyeong Kim 0-0: Ball
1-0: Ball
2-0: Ball
3-0: Called Strike
3-1: Called Strike
3-2: Base on Balls
Batting: LHB Rich Wright 0-0: Ball
1-0: SINGLE (Groundball, 5D)
Chae-hyeong Kim to second
Batting: LHB Johnny Hernández 0-0: Ball
1-0: Fly out, F8 (Flyball, 8RXD)
Bottom of the 5th over - 0 run(s), 1 hit(s), 0 error(s), 2 left on base; Hartford 3 - Oakland 1
TOP OF THE 6TH
Hartford Whalers batting - Pitching for Oakland Oaks : RHP Rich Wright
Batting: LHB César Durán 0-0: Called Strike
0-1: Ball
1-1: Swinging Strike
1-2: Strikes out swinging
Batting: RHB Nate Cates 0-0: Ball
1-0: Ball
2-0: Foul Ball, location: 2F
2-1: Ball
3-1: Base on Balls
Batting: RHB Russell Jackson 0-0: Called Strike
0-1: Called Strike
0-2: Ball
1-2: Foul Ball, location: 2F
1-2: DOUBLE (Flyball, 78D)
Nate Cates to third
Runner from 3rd tries for Home, SAFE, throw made at trailing runner, SAFE at third!
Batting: RHB Mike Brown 0-0: Ball
1-0: Called Strike
1-1: Ball
2-1: Foul Ball, location: 2F
2-2: Ground out 6-3 (Groundball, 6)
Batting: RHB Michael Collins 0-0: SINGLE (Line Drive, 78M)
Russell Jackson scores
Batting: RHB Akahele Kimokeo 0-0: Ball
1-0: Called Strike
1-1: Ball
Michael Collins is caught stealing 2nd base
Top of the 6th over - 2 run(s), 2 hit(s), 0 error(s), 0 left on base; Hartford 5 - Oakland 1
BOTTOM OF THE 6TH
Oakland Oaks batting - Pitching for Hartford Whalers : RHP Collin Hill
Batting: SHB John Allen 0-0: Ground out 4-3 (Groundball, 4M)
Batting: LHB Edwin Church 0-0: Foul Ball, location: 2F
0-1: Ball
1-1: Fly out, F8 (Flyball, 8RM)
Batting: RHB Shi-young Chang 0-0: Fly out, F6 (Line Drive, 6)
Bottom of the 6th over - 0 run(s), 0 hit(s), 0 error(s), 0 left on base; Hartford 5 - Oakland 1
TOP OF THE 7TH
Hartford Whalers batting - Pitching for Oakland Oaks : RHP Rich Wright
Batting: RHB Akahele Kimokeo 0-0: Called Strike
0-1: Ball
1-1: Ground out 6-3 (Groundball, 6)
Batting: RHB Collin Hill 0-0: SINGLE (Groundball, 56D)
Batting: LHB Gerald Holloway 0-0: Fly out, F7 (Flyball, 78S)
Batting: LHB José Marín 0-0: Ball
1-0: Ground out 4-3 (Groundball, 34)
Top of the 7th over - 0 run(s), 1 hit(s), 0 error(s), 1 left on base; Hartford 5 - Oakland 1
BOTTOM OF THE 7TH
Oakland Oaks batting - Pitching for Hartford Whalers : RHP Collin Hill
Batting: RHB Dave Henderson 0-0: Fly out, F6 (Popup, 56D)
Batting: RHB Alden Wiley 0-0: Ball
1-0: Ball
2-0: Ground out 4-3 (Groundball, 4)
Batting: RHB Steve McLeod 0-0: Swinging Strike
0-1: Called Strike
0-2: Foul Ball, location: 2F
0-2: Strikes out looking
Bottom of the 7th over - 0 run(s), 0 hit(s), 0 error(s), 0 left on base; Hartford 5 - Oakland 1
TOP OF THE 8TH
Hartford Whalers batting - Pitching for Oakland Oaks : RHP Rich Wright
Batting: LHB César Durán 0-0: Foul Ball, location: 2F
0-1: Ground out 4-3 (Groundball, 4)
Batting: RHB Nate Cates 0-0: Called Strike
0-1: Ball
1-1: Ball
2-1: Foul Ball, location: 2F
2-2: Foul Ball, location: 2F
2-2: Ball
3-2: Fly out, F9 (Flyball, 9LM)
Batting: RHB Russell Jackson 0-0: Called Strike
0-1: Called Strike
0-2: Ball
1-2: Ball
2-2: TRIPLE (Line Drive, 78D)
Batting: RHB Mike Brown 0-0: Foul Ball, location: 2F
0-1: Ground out 5-3 (Groundball, 56)
Top of the 8th over - 0 run(s), 1 hit(s), 0 error(s), 1 left on base; Hartford 5 - Oakland 1
BOTTOM OF THE 8TH
Oakland Oaks batting - Pitching for Hartford Whalers : RHP Collin Hill
Batting: RHB Chae-hyeong Kim 0-0: Ball
1-0: Ball
2-0: Called Strike
2-1: Ground out 2-3 (Groundball, 25)
Pinch Hitting: RHB Miguel Fernández 0-0: Ball
1-0: Ball
2-0: Ball
3-0: Called Strike
3-1: Called Strike
3-2: SINGLE (Line Drive, 78M)
Batting: LHB Johnny Hernández 0-0: Called Strike
0-1: Ball
1-1: Foul Ball, location: 2F
1-2: Foul Ball, location: 2F
1-2: Ball
2-2: Foul Ball, location: 2F
2-2: Grounds into double play, U4-3 (Groundball, 4M)
Bottom of the 8th over - 0 run(s), 1 hit(s), 0 error(s), 0 left on base; Hartford 5 - Oakland 1
TOP OF THE 9TH
Hartford Whalers batting - Pitching for Oakland Oaks : RHP Rich Wright
Pitching: RHP Mauro Marín
Batting: RHB Michael Collins 0-0: Foul Ball, location: 2F
0-1: Swinging Strike
0-2: Foul Ball, location: 2F
0-2: Strikes out looking
Batting: RHB Akahele Kimokeo 0-0: Called Strike
0-1: Ball
1-1: Swinging Strike
1-2: Strikes out swinging
Pinch Hitting: RHB Javier Díaz 0-0: Called Strike
0-1: Called Strike
0-2: SINGLE (Groundball, 6MD)
Batting: LHB Gerald Holloway 0-0: Foul Ball, location: 2F
0-1: Called Strike
0-2: Strikes out swinging
Top of the 9th over - 0 run(s), 1 hit(s), 0 error(s), 1 left on base; Hartford 5 - Oakland 1
BOTTOM OF THE 9TH
Oakland Oaks batting - Pitching for Hartford Whalers : RHP Collin Hill
Pitching: RHP Juan Hernández
Batting: SHB John Allen 0-0: Ball
1-0: SINGLE (Line Drive, 4D)
Batting: LHB Edwin Church 0-0: Ball
1-0: Called Strike
1-1: Fly out, F8 (Line Drive, 8RM)
Batting: RHB Shi-young Chang 0-0: Ball
1-0: DOUBLE (Line Drive, 8RXD)
John Allen to third
Runner from 3rd tries for Home, SAFE, no throw or cutoff
Pitching: LHP Francisco Chávez
Batting: RHB Dave Henderson 0-0: Ball
1-0: Foul Ball, location: 2F
1-1: Swinging Strike
1-2: Ball
2-2: SINGLE (Groundball, 5L)
Shi-young Chang to third
Runner from 3rd tries for Home, SAFE, throw made home
Dave Henderson to second
Batting: RHB Alden Wiley 0-0: Ball
1-0: Ball
2-0: Called Strike
2-1: Ball
3-1: Called Strike
3-2: Foul Ball, location: 2F
3-2: Foul Ball, location: 2F
3-2: Base on Balls
Batting: RHB Steve McLeod 0-0: Ball
1-0: Ball
2-0: Ball
3-0: Called Strike
3-1: Base on Balls
Dave Henderson to third
Alden Wiley to second
Batting: RHB Chae-hyeong Kim 0-0: Ball
1-0: Swinging Strike
1-1: Called Strike
1-2: Fly out, F9 (Line Drive, 9D)
Runner from 3rd tags up, SCORES, no throw
Alden Wiley to third
Pinch Hitting: RHB Daniel Rose 0-0: Ball
1-0: Ball
2-0: Ball
3-0: Base on Balls
Steve McLeod to second
Pinch Hitting: RHB Tanner Watkins 0-0: Called Strike
0-1: Ball
1-1: SINGLE (Groundball, 13) (infield hit)
Alden Wiley scores
Steve McLeod to third
Daniel Rose to second
Batting: SHB John Allen 0-0: Ball
1-0: Ball
2-0: Foul Ball, location: 2F
2-1: Ball
3-1: SINGLE (Flyball, 7S)
Steve McLeod scores
This league is powered by Out of the Park Baseball, the baseball management simulation game for PC, Mac and Linux
Friday, October 23rd, 2015 - OOTP Baseball 16.9 Build 39